 Dungeon Crawl Stone Soup version 0.20.1-1-g8b1a95d (webtiles) character file.

205 digijack the Skirmisher (level 5, 0/50 HPs)
             Began as a Minotaur Wanderer on Dec 20, 2017.
             Killed by nerve-wracking pain
             ... invoked by Jessica
              (4 damage)
             ... on level 3 of the Dungeon.
             The game lasted 00:15:48 (1900 turns).

digijack the Skirmisher (Minotaur Wanderer)         Turns: 1900, Time: 00:15:49

Health: 0/50       AC: 10    Str: 16    XL:     5   Next: 53%
Magic:  4/4        EV:  9    Int: 12    God:
Gold:   117        SH:  0    Dex:  8    Spells: 4/4 levels left

rFire    . . .     SeeInvis .   b - +0 hand axe
rCold    . . .     Gourm    .   (no shield)
rNeg     . . .     Faith    .   a - +3 scale mail
rPois    .         Spirit   .   (helmet restricted)
rElec    .         Reflect  .   (no cloak)
rCorr    .         Harm     .   (no gloves)
MR       .....                  (no boots)
Stlth    ..........             (no amulet)
Regen    0.2/turn               (no ring)
MPRegen  0.1/turn               (no ring)

@: no status effects
A: retaliatory headbutt, horns 2
a: no special abilities


You were on level 3 of the Dungeon.
You were not hungry.

You visited 1 branch of the dungeon, and saw 3 of its levels.

You collected 117 gold pieces.

Inventory:

Hand Weapons
 b - a +0 hand axe (weapon)
Armour
 a - a +3 scale mail (worn)
Scrolls
 i - a scroll of identify
Potions
 d - a potion of brilliance
Comestibles
 c - 4 chunks of flesh
 f - 7 bread rations
 g - 3 meat rations
 h - a royal jelly
 j - 3 fruits


   Skills:
 + Level 5.8 Fighting
 * Level 4.3 Axes
   Level 1.1 Bows
 - Level 1.0 Throwing
 + Level 5.0 Armour
   Level 1.2 Shields


You had 4 spell levels left.
You didn't know any spells.

Dungeon Overview and Level Annotations

Branches:
Dungeon (3/15)

Altars:
Okawaru

Annotations:
D:3 Jessica


Innate Abilities, Weirdness & Mutations

You reflexively headbutt those who attack you in melee.
You have a pair of horns on your head.


Message History

You kill the kobold!
Jessica closely misses you.
You closely miss Jessica. You headbutt Jessica.
Jessica is severely wounded.
Jessica mumbles some strange words.
Jessica blinks!
Jessica gestures at you while chanting. Pain shoots through your body!
* * * LOW HITPOINT WARNING * * *
You see here a short sword.
As you read the scroll of teleportation, it crumbles to dust.
You feel strangely unstable.
There is a stone staircase leading up here.
Your surroundings suddenly seem different.
You start resting.
Eating one of 5 chunks of flesh.
You eat one of the 5 chunks of flesh.
This raw flesh tastes terrible.
Found 24 arrows.
Jessica points at you and mumbles some strange words.
Pain shoots through your body!
You die... ...###....#### .... #....# ♣♣ .... #. ..# ♣. $.o. #> ..# ♣♣.♣♣ .... #.##.#### ♣♣...♣ o...##.......# .PPP♣

...##......(.# ##..##
####....><...####....#
...##.........@.@...##
....##...........(.##
.....#..........####
..)..#..........#
.....#.##########
....##.# ...###.###
#### #...# ###.#


You could see Jessica.

Vanquished Creatures
  2 orc priests (D:3)
  6 adders
  2 oozes (D:2)
  A dart slug (D:1)
  A worm (D:2)
  2 leopard geckos
  4 orcs (D:3)
  9 bats
  5 giant cockroaches
  8 goblins
  8 hobgoblins
  3 jackals (D:1)
  A quokka (D:3)
  A ball python (D:1)
  7 frilled lizards
  7 kobolds
  9 rats
76 creatures vanquished.

Notes
Turn   | Place    | Note
-------+----------+-------------------------------------------
     0 | D:1      | digijack the Minotaur Wanderer began the quest for the Orb.
     0 | D:1      | digijack set off with: a +2 scale mail, a +0 hand axe, a +0 shortbow, 27 arrows, a bread ration
     0 | D:1      | Reached XP level 1. HP: 22/22 MP: 0/0
    98 | D:1      | Reached skill level 1 in Axes
   141 | D:1      | Reached XP level 2. HP: 21/28 MP: 1/1
   269 | D:1      | Reached skill level 5 in Fighting
   573 | D:1      | Reached XP level 3. HP: 34/36 MP: 2/2
  1106 | D:2      | Reached XP level 4. HP: 31/42 MP: 3/3
  1244 | D:2      | Found an iron altar of Okawaru.
  1767 | D:3      | Reached XP level 5. HP: 45/50 MP: 4/4
  1867 | D:3      | Reached skill level 5 in Armour
  1874 | D:3      | Noticed Jessica
  1881 | D:3      | HP: 1/50 [Jessica/nerve-wracking pain (11)]
  1900 | D:3      | Killed from afar by Jessica

Skill      XL: |  1  2  3  4  5 |
---------------+----------------+-----
Axes           | 1 2 3 4 |  4.3
Armour         | 4 5 |  5.0
Fighting       | 5 |  5.8
Bows           | |  1.1
Throwing       | |  1.0
Shields        | |  1.2

Action                   |  1- 3 |  4- 6 || total
-------------------------+-------+-------++-------
Melee: Hand axe          |   142 |    98 ||   240
       Headbutt          |     8 |    11 ||    19
  Use: Potion            |     3 |     1 ||     4
       Scroll            |     6 |     3 ||     9
  Eat: Chunk             |     1 |     3 ||     4
Armor: Scale mail        |    89 |    50 ||   139
Dodge: Dodged            |    60 |    46 ||   106
